 Dungeon Crawl Stone Soup version 0.30-a0-394-g3e4acdb0ae (webtiles) character file.

Game seed: 14580490879107062612

1738 kae the Changer (level 8, -6/67 (70) HPs)
             Began as a Red Draconian Transmuter on Dec 6, 2022.
             Mangled by a wight
             ... wielding a +5 morningstar of freezing
              (8 damage)
             ... on level 7 of the Dungeon.
             The game lasted 00:07:14 (6162 turns).

kae the Changer (Red Draconian Transmuter)          Turns: 6162, Time: 00:07:15

HP:   -6/67 (70)    AC:  7    Str: 13    XL:     8   Next: 77%
MP:   15/15         EV: 10    Int: 15    God:
Gold: 1388          SH:  0    Dex: 18    Spells: 6/16 levels left

rFire   x . .      SeeInvis .      - Unarmed
rCold   + + +      Faith    .    (shield currently unavailable)
rNeg    . . .      Spirit   .    (body armour unavailable)
rPois   +          Reflect  .    (helmet currently unavailable)
rElec   .          Harm     .    (cloak currently unavailable)
rCorr   .          Rampage  .    (gloves currently unavailable)
Will    .....                    (boots currently unavailable)
Stlth   ++........               k - amulet of magic regeneration
HPRegen 0.31/turn                D - +6 ring of dexterity
MPRegen 0.54/turn                (no ring)

@: ice-form (expiring), drained
A: freezing attack, amphibious, boosted hp, (breathe fire), AC +6, large,
unfitting armour, (fire resistance 1), (cold-blooded)
a: End Transformation


You were on level 7 of the Dungeon.
You were a creature of crystalline ice.
You visited 1 branch of the dungeon, and saw 7 of its levels.

You collected 1388 gold pieces.


Innate Abilities, Weirdness & Mutations

You are a creature of crystalline ice.
You have a powerful freezing melee attack.
You are amphibious.
Your maximum health is increased.
Your armour is entirely melded.
You are incapable of wielding weapons or throwing items.
((You can breathe blasts of fire.))
((Your fiery red scales are hard. (AC +6)))
You cannot fit into any form of body armour.
((Your flesh is heat resistant. (rF+)))
((You are cold-blooded and may be slowed by cold attacks.))


   Skills:
 - Level 1.1 Fighting
 - Level 1.7 Dodging
 + Level 5.5 Unarmed Combat
 + Level 4.7 Spellcasting
 * Level 7.0 Transmutations
 * Level 4.3 Ice Magic
 - Level 2.3 Poison Magic


You had 6 spell levels left.
You knew the following spells:

 Your Spells              Type           Power      Damage    Failure   Level
a - Beastly Appendage     Tmut           48%        N/A       1%          1
b - Wereblood             Tmut           24%        N/A       1%          2
c - Spider Form           Tmut/Pois      17%        N/A       8%          3
d - Ice Form              Ice/Tmut       20%        N/A       16%         4

Your spell library contained the following spells:

 Spells                   Type           Power      Damage    Failure   Level
 Sting                    Tmut/Pois      68%        1d6       2%          1
 Poisonous Vapours        Pois/Air       14%        N/A       16%         2
 Olgreb's Toxic Radiance  Pois           10%        N/A       54%         4

Inventory:

Missiles
 b - 62 stones
 j - 3 boomerangs of dispersal {=f!f}
 l - 2 boomerangs
 r - 6 silver javelins
Magical Staves
 e - a staff of earth {!a}
   (You found it on level 1 of the Dungeon)
Jewellery
 k - an amulet of magic regeneration (around neck)
   (You took it off an orc on level 6 of the Dungeon)
 D - a +6 ring of dexterity (left front paw)
   (You found it on level 2 of the Dungeon)
Wands
 g - a wand of flame (11)
   (You took it off Jessica on level 2 of the Dungeon)
 i - a wand of iceblast (9)
   (You found it on level 2 of the Dungeon)
Scrolls
 o - a scroll of vulnerability {!r!r}
 p - 4 scrolls of teleportation {@r4}
 q - 3 scrolls of enchant weapon
Potions
 a - a potion of attraction {!q}
 d - a potion of flight
 f - 2 potions of resistance
 h - a potion of mutation {!q}
 m - 3 potions of lignification {!q}
 n - a potion of might
 s - a potion of degeneration {unknown}

Dungeon Overview and Level Annotations

Branches:
Dungeon (7/15) Zot: 26949
 Temple: D:4-7

Altars:
Dithmenos
Elyvilon
Nemelex Xobeh
Okawaru
Ru
Uskayaw

Shops:
D:5 *

Annotations:
D:5 Ijyb

... $. ##..
#######..#
#.....[..# #.
#.....)..###...
#......z.#...#
#..>...Y...#
#$.......###
[......)##
.......)##
#........####
#......#....##
###########..##
##..# ##>#


You could see a wight.


Message History

You turn into a creature of crystalline ice.
A wight comes into view.
It is wielding a +2 great sword. 😎 HP[+11] MP[-4]
You now have 70 max hp (+11).
Your hp is fully restored (70).
You lost 4 mp, and now have 10/14 mp. 😎 MP[+1]
You punch the water moccasin! You freeze the water moccasin.
The water moccasin bites you.
You pummel the water moccasin!!
The water moccasin seems to slow down.
You freeze the water moccasin.
You kill the water moccasin! 😕 HP[-4] MP[+1]
You take 4 damage, and now have 66/70 hp. 😕 HP[+1] MP[+1] No target in view!
No target in view!
The wight closely misses you.
You hit the wight but do no damage.
The wight hits you with a +4 war axe of freezing. 😕 HP[-4] MP[+1]
You take 4 damage, and now have 63/70 hp.
Your mp is fully restored (14).
You hit the wight but do no damage.
The wight hits you with a +4 war axe of freezing.
You hit the wight. The wight barely misses you. 😕 HP[-3]
You take 3 damage, and now have 60/70 hp.
You punch the wight!
You destroy the wight!
Your Ice Magic skill increases to level 4!
A bullfrog comes into view.
The bullfrog croaks.
The wight hits you with a +2 great sword!
You feel drained.
Things that are here:
a +4 war axe of freezing; a +0 robe; 😮 HP[-11]
You now have 68 max hp (-2).
You take 11 damage, and now have 49/68 hp.
You punch the wight! You freeze the wight.
You destroy the wight!
A wight comes into view. It is wielding a +0 battleaxe.
You now have 69 max hp (+1).
The bullfrog hits you.
Things that are here:
a +2 great sword; a +0 plate armour You are too injured to fight recklessly!
You hit the bullfrog. You freeze the bullfrog.
The bullfrog hits you but does no damage. 😮 HP[-5]
You take 5 damage, and now have 44/69 hp.
You hit the bullfrog. You freeze the bullfrog. The bullfrog closely misses you.
You are too injured to fight recklessly!
You are too injured to fight recklessly!
You barely miss the bullfrog. The bullfrog hits you.
A wight comes into view.
It is wielding a +5 morningstar of freezing.
The bullfrog hits you but does no damage. 😮 HP[-4]
You take 4 damage, and now have 40/69 hp.
You are too injured to fight recklessly!
You are too injured to fight recklessly!
You punch the bullfrog!
The bullfrog seems to slow down.
You freeze the bullfrog!
You kill the bullfrog!
Your life force feels restored.
Your Transmutations skill increases to level 7!
You now have 70 max hp (+1).
You are too injured to fight recklessly!
You are too injured to fight recklessly!
The wight hits you with a +0 battleaxe!
* * * LOW HITPOINT WARNING * * *
You are too injured to fight recklessly!
You are too injured to fight recklessly! 😨 HP[-10]
You take 10 damage, and now have 30/70 hp.
You punch the wight! The wight hits you with a +0 battleaxe!
* * * LOW HITPOINT WARNING * * *
You are too injured to fight recklessly!
You are too injured to fight recklessly! 😨 HP[-10]
You take 10 damage, and now have 20/70 hp.
You punch the wight!
You destroy the wight!
Your transformation is almost over.
Things that are here:
a +0 battleaxe; a +0 robe; 😨 HP[+1]
You punch the wight! You freeze the wight.
The wight hits you with a +5 morningstar of freezing.
* * * LOW HITPOINT WARNING * * *
You feel drained.
* * * LOW HITPOINT WARNING * * *
😨 HP[-3] MP[+1]
You now have 69 max hp (-1).
You take 3 damage, and now have 18/69 hp.
Your mp is fully restored (15).
You barely miss the wight. The wight barely misses you.
You barely miss the wight.
The wight hits you with a +5 morningstar of freezing!
* * * LOW HITPOINT WARNING * * *
You feel drained.
You die...

Skill      XL: |  1  2  3  4  5  6  7  8 |
---------------+-------------------------+-----
Transmutations | 3 4 5 7 |  7.0
Poison Magic   | 1 2 |  2.3
Spellcasting   | 3 4 |  4.7
Unarmed Combat | 4 5 |  5.5
Ice Magic      | 1 3 4 |  4.3
Fighting       | |  1.1
Dodging        | |  1.7

Action                   |  1- 3 |  4- 6 |  7- 9 || total
-------------------------+-------+-------+-------++-------
Melee: Unarmed           |   100 |   147 |   145 ||   392
       Kick              |    15 |    22 |       ||    37
       Tailslap          |     8 |     4 |       ||    12
       Headbutt          |    11 |    16 |       ||    27
       Punch             |     1 |     2 |       ||     3
 Cast: Beastly Appendage |    13 |    22 |       ||    35
       Spider Form       |     1 |    14 |    14 ||    29
       Ice Form          |       |     1 |     6 ||     7
       Wereblood         |       |       |     2 ||     2
 Abil: Breathe Fire      |       |       |     5 ||     5
       End Transformatio |       |       |     1 ||     1
  Use: Potion            |     1 |       |     4 ||     5
       Scroll            |     2 |     4 |     6 ||    12
 Stab: Sleeping          |       |     2 |     1 ||     3
Armor: Skin              |    44 |    40 |    22 ||   106
Dodge: Dodged            |    69 |   103 |   143 ||   315

Levels and vault maps discovered:
D:1:      shiori_arrival_maze, layout_rooms
D:2:      minmay_evil_eye, layout_rooms, supply_closet_lemuel,
          minmay_misc_feat_four_crosses, kennysheep_generic_room_8, uniq_jessica
D:3:      layout_rooms, mainiacjoe_overflow_24_doors, nemelex_dance_club_becter,
          dreamdust_ecumenical_altar_angels_and_demons,
          chequers_serial_rivers_large_b, minmay_circle_x
D:4:      layout_loops_ring, mainiacjoe_overflow_surrounded_room,
          lemuel_round_altar, grunt_ministairs_3
D:5:      layout_basic, mainiacjoe_overflow_chevrons,
          chequers_ossuary_entry_cave,
          hangedman_abyss_or_decor_jellyfish_corner, nicolae_shop_clearance,
          uniq_ijyb
D:6:      layout_cave_pools, general_overflow_altar, minmay_checkerbox
D:7:      minmay_chambers_of_sixes, layout_rooms, grunt_temple_overflow_diamond,
          temple_green

Notes
Turn   | Place    | Note
-------+----------+-------------------------------------------
     0 | D:1      | kae the Draconian Transmuter began the quest for the Orb.
     0 | D:1      | Reached XP level 1. HP: 16/16 MP: 3/3
     0 | D:1      | magus.rc [v1.11.3]
    50 | D:1      | Reached XP level 2. HP: 23/23 MP: 3/5
   217 | D:1      | Reached XP level 3. HP: 25/28 MP: 6/6
   232 | D:1      | Learned a level 2 spell: Wereblood
   236 | D:1      | Learned a level 3 spell: Spider Form
   286 | D:1      | Reached skill level 3 in Transmutations
   408 | D:1      | You add the spells Sting, Poisonous Vapours and Olgreb's
                  | Toxic Radiance to your library.
   603 | D:2      | Noticed Jessica
   636 | D:2      | Killed Jessica
   637 | D:2      | Reached XP level 4. HP: 14/35 MP: 3/8
  1249 | D:2      | Identified a scroll of acquirement
  1249 | D:2      | Acquired 1050 gold pieces
  1538 | D:3      | Found an iron altar of Okawaru.
  1564 | D:3      | Noticed a scorpion
  1575 | D:3      | Killed a scorpion
  1576 | D:3      | Reached skill level 4 in Transmutations
  1576 | D:3      | Reached skill level 1 in Poison Magic
  1576 | D:3      | Reached XP level 5. HP: 35/40 MP: 6/9
  1719 | D:3      | Found a sparkling altar of Nemelex Xobeh.
  1737 | D:3      | Reached skill level 3 in Spellcasting
  2038 | D:3      | Found a faded altar of an unknown god.
  2240 | D:4      | Found a hide-covered altar of Uskayaw.
  2278 | D:4      | Reached skill level 2 in Poison Magic
  2310 | D:4      | Noticed a phantom
  2327 | D:4      | Killed a phantom
  2328 | D:4      | Reached skill level 4 in Unarmed Combat
  2328 | D:4      | Reached XP level 6. HP: 32/47 MP: 7/10
  2335 | D:4      | Learned a level 4 spell: Ice Form
  2485 | D:4      | Found a shadowy altar of Dithmenos.
  2769 | D:4      | Reached skill level 1 in Ice Magic
  3341 | D:5      | Entered Level 5 of the Dungeon
  3365 | D:5      | Found a white marble altar of Elyvilon.
  3378 | D:5      | Reached skill level 5 in Transmutations
  3378 | D:5      | Your scales start taking on a fiery red colour.
  3378 | D:5      | Reached XP level 7. HP: 52/52 MP: 6/12
  3378 | D:5      | Gained mutation: Your flesh is heat resistant. (rF+) [Red
                  | Draconian growth]
  3526 | D:5      | HP: 13/52 [centaur (2)]
  3528 | D:5      | Reached skill level 2 in Ice Magic
  3777 | D:5      | Noticed Ijyb
  3784 | D:5      | HP: 11/52 [acid (5)]
  3894 | D:5      | HP: 9/52 [gnoll/+0 spear (8)]
  4356 | D:5      | Found Ciz Ocke's CLEARANCE SALE!.
  4535 | D:5      | Reached skill level 4 in Spellcasting
  4581 | D:5      | Reached skill level 3 in Ice Magic
  4581 | D:5      | Reached XP level 8. HP: 33/59 MP: 9/14
  4854 | D:6      | Reached skill level 6 in Transmutations
  4934 | D:6      | HP: 12/70 [gnoll/+0 halberd[a gnoll bouda] (8)]
  4936 | D:6      | Reached skill level 5 in Unarmed Combat
  4938 | D:6      | HP: 5/70 [gnoll/+0 club[a gnoll bouda] (3)]
  4938 | D:6      | HP: 1/70 [gnoll/+0 spear[a gnoll bouda] (4)]
  5682 | D:6      | Found a sacrificial altar of Ru.
  6149 | D:7      | Reached skill level 4 in Ice Magic
  6156 | D:7      | Reached skill level 7 in Transmutations
  6162 | D:7      | HP: 2/69 [wight/+5 morningstar of freezing (16)]
  6162 | D:7      | Mangled by a wight

Vanquished Creatures
  A water moccasin (D:7)
  A sky beast (D:6)
  2 black bears
  2 centaurs (D:5)
  A phantom (D:4)
  2 bullfrogs
  2 scorpions
  3 wights (D:7)
  5 hounds
  3 jellies
  A gnoll bouda (D:6)
  An orc priest (D:6)
  Jessica (D:2)
  4 iguanas
  An orc wizard (D:5)
  4 adders
  11 gnolls
  A shadow imp (D:5)
  A white imp (D:6)
  3 worms
  6 dart slugs
  14 orcs
  4 bats
  11 endoplasms
  4 giant cockroaches
  8 goblins
  10 hobgoblins
  7 jackals (D:3)
  7 kobolds
  2 quokkas
  8 ball pythons
  3 frilled lizards (D:1)
  8 rats
142 creatures vanquished.

Table legend:
 A = Non-vault XP
 B = Vault XP
 C = Vault XP percentage of total XP
 D = Non-vault monster count
 E = Vault monster count
 F = Vault count percentage of total count
                 A         B        C        D         E       F
            +---------+---------+-------+---------+---------+-------
      Total |    2305 |     179 |   7.2 |     121 |      21 |  14.8
            +---------+---------+-------+---------+---------+-------
        D:1 |      58 |       3 |   4.9 |      26 |       2 |   7.1
        D:2 |      40 |      42 |  51.2 |      13 |       5 |  27.8
        D:3 |     122 |      24 |  16.4 |      23 |       9 |  28.1
        D:4 |     397 |      13 |   3.2 |      16 |       1 |   5.9
        D:5 |     747 |       0 |   0.0 |      22 |       0 |   0.0
        D:6 |     491 |      97 |  16.5 |      16 |       4 |  20.0
        D:7 |     450 |       0 |   0.0 |       5 |       0 |   0.0
            +---------+---------+-------+---------+---------+-------

Illustrated notes

Table legend:
 A = Kills in this place as a percentage of kills in entire the game.
 B = Kills by you in this place as a percentage of kills by you in the entire game.
 C = Kills by friends in this place as a percentage of kills by friends in the entire game.
 D = Other kills in this place as a percentage of other kills in the entire game.
 E = Experience gained in this place as a percentage of experience gained in the entire game.
 F = Experience gained in this place divided by the number of levels of this place that you have seen.
                   A       B       C       D       E      F
               +-------+-------+-------+-------+-------+----------------------
         Total | 100.0 | 100.0 |   N/A |   N/A | 100.0 | 354.9
       Dungeon | 100.0 | 100.0 |   N/A |   N/A | 100.0 | 354.9
               +-------+-------+-------+-------+-------+----------------------

Table legend: (Time is in decaauts)
 A = Elapsed time spent in this place.
 B = Non-inter-level travel time spent in this place.
 C = Inter-level travel time spent in this place.
 D = Time resting spent in this place.
 E = Time spent auto-exploring this place.
 F = Levels seen in this place.
 G = Mean time per level.
                   A        B        C        D        E       F      G
               +--------+--------+--------+--------+--------+-----+--------+
         Total |   6139 |   6032 |    107 |    166 |   4762 |   7 |  877.0 |
       Dungeon |   6139 |   6032 |    107 |    166 |   4762 |   7 |  877.0 |
               +--------+--------+--------+--------+--------+-----+--------+

Top non-repeatable levels by time:
     D:5: 1480 daAuts
     D:6: 1257 daAuts
     D:4: 1181 daAuts
     D:3: 901 daAuts
     D:2: 762 daAuts
     D:1: 507 daAuts
     D:7: 49 daAuts
